Map: Ley Lines

Players

Harstem

  • Race: Protoss Protoss
  • League: Grandmaster
  • Spawn Location: 1:00

VITRyung (Ryung) - Winner!

  • Race: Terran Terran
  • Spawn Location: 7:00

Event: HomeStory Cup XXVI

VOD

Have the link to the VOD?

Description

Time

  • Played on: Nov. 30, 2024, 1:47 p.m.
  • Length: 14:25

All games in this series

Show
View Real Time Build Order
Export as new Build Order

Harstem Protoss 

Build Orders: 1 Gate Expand, Phoenix Opening, Blink Stalkers 

Get SALT Encoding   

  12  0:00  Probe  
  13  0:12  Probe  
  14  0:17  Pylon  
  14  0:24  Probe  
  15  0:33  Probe  
  15  0:35  Gateway  
  15  0:41  Probe  
  16  0:46  Assimilator  
  17  0:51  Probe  
  18  1:03  Probe  
  19  1:17  Nexus  
  19  1:27  Cybernetics Core  
  19  1:30  Probe  
  20  1:35  Assimilator  
  20  1:42  Probe  
  20  1:45  Pylon  
  21  1:51  Stalker  
  21  1:54  Probe  
  22  2:05  Warp Gate  
  22  2:06  Probe  
  25  2:18  Probe  
  25  2:20  Sentry  
  25  2:21  Phoenix  
  28  2:26  Probe  
  28  2:30  Probe  
  28  2:34  Probe  
  30  2:42  Twilight Council, Probe  
  32  2:44  Probe  
  32  2:47  Stalker  
  32  2:50  Blink  
  35  2:55  Probe  
  35  2:56  Probe  
  35  2:57  Gateway  
  37  3:01  Gateway  
  37  3:03  Phoenix  
  37  3:07  Probe  
  37  3:08  Probe  
  39  3:19  Probe  
  40  3:20  Probe  
  40  3:24  Pylon  
  41  3:31  Probe  
  41  3:32  Probe  
  43  3:43  Nexus, Probe  
  44  3:53  Stalker x2  
  48  3:56  Stalker  
  48  4:01  Phoenix  
  48  4:02  Pylon  
  50  4:03  Probe  
  50  4:07  Robotics Facility  
  50  4:08  Probe  
  52  4:14  Assimilator  
  52  4:15  Probe  
  53  4:21  Probe  
  53  4:22  Assimilator  
  53  4:23  Stalker  
  56  4:28  Probe  
  56  4:29  Stalker  
  59  4:34  Probe  
  59  4:36  Pylon x2  
  60  4:40  Probe  
  60  4:46  Probe  
  60  4:48  Shield Battery  
  60  4:52  Observer, Probe  
  61  4:57  Stalker x2  
  61  4:59  Stalker  
  69  5:03  Probe  
  69  5:05  Probe x2  
  72  5:10  Observer  
  70  5:15  Probe  
  70  5:16  Shield Battery  
  70  5:17  Probe  
  70  5:21  Stalker  
  70  5:23  Probe  
  70  5:27  Probe  
  72  5:29  Probe  
  72  5:33  Stalker x2  
  78  5:39  Probe  
  78  5:42  Robotics Bay  
  78  5:47  Stalker  
  76  5:50  Probe  
  76  5:53  Pylon  
  76  5:56  Stalker x2  
  81  5:59  Probe  
  81  6:00  Probe  
  81  6:02  Probe  
  81  6:03  Observer  
  84  6:10  Stalker  
  84  6:11  Probe  
  87  6:12  Probe  
  87  6:13  Charge  
  87  6:14  Probe  
  87  6:16  Pylon  
  89  6:22  Stalker x2  
  89  6:25  Probe  
  91  6:33  Probe  
  92  6:41  Probe  
  92  6:44  Probe  
  92  6:45  Colossus  
  94  6:49  Extended Thermal Lance, Probe  
  89  6:59  Gateway  
  89  7:00  Gateway  
  95  7:01  Gateway  
  95  7:04  Nexus  
  95  7:06  Gateway  
  96  7:08  Probe x2  
  96  7:10  Observer  
  98  7:15  Probe  
  98  7:17  Zealot x3  
  98  7:20  Probe, Pylon  
  104  7:28  Pylon  
  104  7:29  Probe  
  104  7:30  Probe  
  104  7:31  Colossus  
  104  7:33  Probe  
  106  7:38  Gateway  
  106  7:39  Pylon  
  112  7:44  Probe  
  112  7:46  Probe  
  111  7:53  Probe  
  112  7:59  Probe  
  112  8:00  Zealot x7, Probe  
  128  8:09  Forge, Pylon  
  128  8:11  Shield Battery, Forge  
  128  8:12  Colossus  
  127  8:18  Probe  
  128  8:20  Zealot  
  128  8:22  Probe  
  128  8:23  Shield Battery, Probe  
  128  8:24  Probe  
  139  8:31  Protoss Ground Weapons Level 1  
  139  8:32  Protoss Ground Armor Level 1  
  139  8:34  Zealot x3  
  145  8:37  Zealot  
  145  8:38  Observer  
  145  8:40  Pylon  
  147  8:43  Pylon  
  147  8:47  Stalker x3  
  148  9:00  Zealot x4  
  116  9:03  Zealot  
  116  9:09  Probe  
  107  9:13  Zealot x3  
  107  9:14  Probe  
  107  9:15  Probe  
  115  9:18  Shield Battery  
  115  9:22  Probe  
  115  9:23  Warp Prism, Stalker x4  
  122  9:29  Probe  
  121  9:32  Sentry  
  125  9:38  Zealot x3  
  131  9:50  Immortal  
  117  9:53  Zealot x4  
  117  9:55  Probe  
  117  9:56  Zealot  
  120  10:05  Nexus  
  124  10:14  Zealot x4, Sentry  
  126  10:20  Zealot x3  
  136  10:29  Protoss Ground Armor Level 2, Immortal  
  136  10:30  Pylon  
  140  10:40  Stalker, Protoss Ground Weapons Level 2  
  140  10:41  Stalker x2  
  144  10:43  Nexus  
  143  10:50  Pylon  
  140  10:57  Stalker x2  
  140  11:00  Pylon  
  140  11:02  Observer  
  144  11:14  Pylon  
  144  11:17  Dark Shrine  
  142  11:19  Disruptor  
  142  11:23  Zealot x6  
  146  11:28  Zealot  
  146  11:29  Zealot  
  152  11:45  Nexus  
  152  11:46  Zealot x3  
  158  11:49  Pylon  
  156  11:55  Zealot x3  
  156  12:08  Disruptor  
  145  12:19  Zealot x2  
  145  12:20  Zealot x4  
  145  12:21  Zealot  
  159  12:25  Zealot  
  161  12:36  Nexus  
  154  12:49  Dark Templar x2  
  154  12:50  Disruptor  
  158  12:51  Dark Templar  
  158  12:52  Zealot x2  
  144  12:59  Zealot x6  
  160  13:16  Probe  
  160  13:19  Pylon  
  157  13:33  Disruptor  
  138  13:43  Probe  
  138  13:48  Dark Templar x2  
  141  13:52  Stalker x5  
  141  13:53  Stalker  
  155  13:58  Probe  
  155  13:59  Pylon, Probe  
Show
View Real Time Build Order
Export as new Build Order

VITRyung Terran - Winner!

Build Orders: Cyclone Opening 

Get SALT Encoding   

  12  0:00  SCV  
  13  0:12  SCV  
  14  0:16  Supply Depot  
  14  0:24  SCV  
  15  0:38  SCV, Barracks  
  16  0:44  Refinery  
  16  0:50  SCV  
  16  0:53  Refinery  
  17  1:02  SCV  
  18  1:14  SCV  
  19  1:25  Reaper  
  20  1:26  Orbital Command  
  20  1:27  Supply Depot  
  20  1:42  Factory  
  20  1:52  SCV  
  21  2:02  Barracks Reactor  
  21  2:04  SCV  
  22  2:15  Command Center  
  22  2:17  SCV  
  23  2:26  Factory Tech Lab  
  23  2:29  SCV  
  24  2:38  Marine x2  
  24  2:41  SCV  
  24  2:42  Supply Depot  
  27  2:45  Cyclone  
  30  2:53  SCV  
  30  2:55  Starport  
  31  3:03  Marine x2  
  31  3:05  SCV  
  34  3:20  SCV  
  34  3:21  Marine  
  34  3:22  Marine  
  37  3:32  Factory Tech Lab  
  37  3:33  SCV  
  38  3:37  Cloaking Field, Banshee  
  38  3:40  Marine x2  
  43  3:45  SCV  
  43  3:46  Orbital Command  
  44  3:57  SCV  
  44  3:59  Siege Tank, Marine x2  
  50  4:05  Supply Depot  
  51  4:10  SCV  
  51  4:12  Refinery  
  51  4:14  SCV  
  52  4:19  Supply Depot  
  52  4:22  SCV  
  53  4:26  Banshee  
  56  4:33  SCV  
  56  4:34  SCV  
  58  4:39  Siege Tank  
  58  4:41  Marine x2  
  63  4:46  SCV x2  
  63  4:49  Supply Depot  
  63  4:51  Barracks  
  65  4:58  SCV x2  
  67  5:01  Barracks  
  67  5:02  Marine x2  
  69  5:09  Supply Depot, Engineering Bay  
  69  5:10  SCV  
  69  5:11  SCV  
  71  5:15  Siege Tank  
  71  5:20  Marine x2  
  76  5:24  Supply Depot  
  76  5:31  Banshee  
  76  5:32  SCV x2  
  81  5:39  Supply Depot, Terran Infantry Weapons Level 1  
  80  5:44  SCV x2  
  79  5:51  Siege Tank  
  79  5:54  Marine x2  
  79  5:55  Barracks Tech Lab  
  79  5:56  SCV x2  
  81  6:05  Barracks Tech Lab  
  81  6:08  SCV  
  82  6:12  Marine x2  
  86  6:20  Refinery  
  86  6:21  Command Center  
  86  6:24  Stimpack  
  86  6:28  Combat Shield  
  86  6:31  Marauder x2  
  88  6:36  Starport Reactor  
  88  6:38  SCV x2  
  88  6:39  Barracks  
  87  6:40  Barracks  
  87  6:43  Marine  
  83  6:48  Siege Tank  
  83  6:50  SCV x2  
  83  6:52  Marauder x2  
  88  6:58  Marine  
  89  7:04  Supply Depot  
  89  7:06  Supply Depot, SCV x2  
  91  7:15  Medivac x2  
  95  7:19  Marine x2, Marauder x2  
  95  7:21  SCV  
  102  7:26  Supply Depot, SCV  
  102  7:27  Siege Tank  
  106  7:31  Barracks Reactor  
  106  7:37  Marauder  
  106  7:41  Marauder x2  
  112  7:47  Marine  
  112  7:48  Marine  
  112  7:51  Medivac x2  
  116  7:53  SCV  
  116  7:54  SCV  
  117  7:59  Marauder  
  117  8:02  Marauder x2  
  117  8:05  Orbital Command, SCV, Marine x2  
  123  8:06  SCV  
  123  8:08  Siege Tank  
  127  8:17  Terran Infantry Armor Level 1  
  127  8:18  SCV x2  
  129  8:21  Supply Depot x2  
  129  8:22  Concussive Shells  
  129  8:26  Marauder x2  
  133  8:27  Marine, Marauder  
  133  8:28  Marine x2  
  133  8:30  Marine  
  133  8:33  SCV x2  
  141  8:36  Supply Depot, Refinery  
  141  8:47  Marauder  
  141  8:48  Marauder  
  145  8:49  Marauder  
  145  8:53  Marine x3, Ghost Academy  
  134  9:09  Marine, Marauder x2  
  137  9:10  Marauder  
  137  9:11  Marine x2  
  137  9:13  Siege Tank, Viking  
  146  9:19  Refinery  
  146  9:30  Marine x3, Marauder x2  
  148  9:31  Marauder  
  148  9:32  Viking  
  148  9:35  SCV x3  
  148  9:37  Command Center  
  155  9:39  Supply Depot  
  155  9:40  Supply Depot  
  155  9:43  Viking  
  156  9:45  Marine  
  156  9:48  Marine  
  156  9:51  Ghost, Marauder  
  156  9:52  Ghost  
  154  9:58  Marine x2  
  155  10:04  Viking  
  155  10:05  Supply Depot  
  155  10:06  Engineering Bay, Armory  
  157  10:13  Marine, Ghost, Viking  
  163  10:15  Marine  
  163  10:19  Ghost  
  167  10:22  Marine x2  
  167  10:24  Supply Depot  
  167  10:26  Sensor Tower  
  166  10:31  SCV  
  166  10:32  SCV x2  
  166  10:34  Marine x2  
  170  10:37  Siege Tank  
  173  10:45  Marine x2, Ghost  
  173  10:46  Ghost  
  173  10:48  Ghost  
  184  10:53  Terran Infantry Weapons Level 2  
  183  11:03  SCV x3  
  186  11:10  Marine x2  
  186  11:11  Marine  
  188  11:15  Marauder  
  189  11:22  SCV  
  190  11:29  SCV x2  
  190  11:30  Marine x3, Marauder x2  
  190  11:32  Terran Infantry Armor Level 2  
  199  11:34  SCV  
  199  11:36  Barracks, Marauder  
  199  11:37  Barracks x2  
  198  11:42  SCV x2  
  196  11:56  Marauder x2  
  196  11:58  SCV x2, Marauder  
  196  11:59  SCV  
  196  12:00  Terran Ship Weapons Level 1  
  198  12:05  Planetary Fortress  
  187  12:15  Starport  
  187  12:16  Starport  
  187  12:18  Fusion Core, Marauder x2  
  187  12:19  Marauder  
  193  12:30  Missile Turret  
  193  12:31  Missile Turret  
  193  12:32  Viking x2  
  193  12:33  Barracks Tech Lab x2, Barracks Reactor  
  193  12:34  SCV x2  
  193  12:35  SCV  
  197  12:39  Marauder  
  199  12:46  SCV  
  199  12:47  Sensor Tower  
  199  12:49  Command Center  
  200  13:05  Unknown, Missile Turret  
  200  13:11  Marauder  
  200  13:29  Command Center  
  200  13:32  Command Center  
  161  13:35  Marauder x5  
  161  13:36  Marine x4  
  161  13:37  Viking x4  
  181  13:46  Missile Turret  
  181  13:48  Siege Tank  
  181  13:53  Marine x2  
  181  13:54  Marine  
  187  13:56  Marauder  
Tags
 
Add a new tag
Caveats
  • Supply blocks, unpowered buildings, or Contaminate may cause inaccurate times.
  • Supply counts are checked every 10 seconds.